AoeStats
← VillagerLivesMatter

Arena

510183004Analyzed
1v1 RM · 2d ago on Sep 29, 2026· 30m 34s· 2 players
Game mode
Random Map
Map size
Tiny (2 player)
Population
200
Speed
Normal
Resources
Standard
Victory
Conquest
Starting age
Dark Age
Ending age
Imperial Age
RankedLock teamsTeams togetherTeam positionsShared explorationLock speedFull tech treeHidden civsTurbo modeCheats
Victory
Defeat
🇺🇸 Spanish · United States
862
+15
🇨🇱 Wu · Chile
843
-15
DarthCerna
11:02 Feudal Age
16:36 Castle Age
14:41 Double-Bit Axe
14:57 Horse Collar
18:05 Bow Saw
VillagerLivesMatter
10:48 Loom
13:02 Feudal Age
16:50 Castle Age
15:56 Double-Bit Axe
15:53 Horse Collar
16:06 Gold Mining
17:09 Fletching
18:13 Bodkin Arrow
30:08 Imperial Age
Connection lost

Rejoining the realm…

Still unreachable

The connection could not be restored.

Session expired

The server has moved on; the page needs a fresh start.